 Dungeon Crawl Stone Soup version 0.22-a0-533-g4d20840 (webtiles) character file.

1082 Mgcat the Cleaver (level 8, 0/62 HPs)
             Began as a Hill Orc Gladiator on June 22, 2018.
             Was an Initiate of Makhleb.
             Succumbed to a killer bee's poison
             ... on level 5 of the Dungeon.
             The game lasted 00:12:47 (3822 turns).

Mgcat the Cleaver (Hill Orc Gladiator)              Turns: 3822, Time: 00:12:48

Health: 0/62       AC: 10    Str: 19    XL:     8   Next: 30%
Magic:  2/8        EV: 11    Int: 13    God:    Makhleb [......]
Gold:   172        SH:  0    Dex: 12    Spells: 7/7 levels left

rFire    . . .     SeeInvis .   a - +3 war axe
rCold    . . .     Gourm    .   (no shield)
rNeg     . . .     Faith    .   k - +0 ring mail
rPois    .         Spirit   +   c - +0 helmet
rElec    .         Reflect  .   s - scarf {Spirit}
rCorr    .         Harm     .   p - +0 pair of gloves
MR       .....                  e - +0 pair of boots
Stlth    +.........             w - amulet of regeneration {+regen, !d}
HPRegen  0.60/turn              o - +2 ring of slaying
MPRegen  0.11/turn              m - +2 ring of protection

@: brilliant, lethally poisoned (0 -> -14), flying
A: no striking features
a: Renounce Religion


You were on level 5 of the Dungeon.
You worshipped Makhleb.
Makhleb was noncommittal.
You were hungry.

You visited 2 branches of the dungeon, and saw 7 of its levels.

You collected 322 gold pieces.
You spent 150 gold pieces at shops.

Inventory:

Hand Weapons
 a - a +3 war axe (weapon)
 y - a +0 war axe
   (You took it off an orc on level 5 of the Dungeon)
Missiles
 d - 3 throwing nets {=f, !d}
Armour
 c - a +0 helmet (worn)
 e - a +0 pair of boots (worn)
   (You found it on level 1 of the Dungeon)
 k - a +0 ring mail (worn)
   (You found it on level 1 of the Dungeon)
 p - a +0 pair of gloves (worn)
   (You found it on level 2 of the Dungeon)
 s - a scarf of spirit shield (worn)
   (You found it on level 2 of the Dungeon)
Jewellery
 l - an uncursed ring of flight {+Fly, !d}
   (You found it on level 1 of the Dungeon)
 m - a +2 ring of protection (right hand)
   (You found it on level 1 of the Dungeon)
 o - a +2 ring of slaying (left hand)
   (You found it on level 1 of the Dungeon)
 w - an amulet of regeneration (around neck) {+regen, !d}
   (You found it on level 5 of the Dungeon)
 B - an uncursed ring of ice {rC+, rF-}
   (You found it on level 5 of the Dungeon)
Wands
 x - a wand of disintegration (11)
   (You found it on level 5 of the Dungeon)
 z - a wand of random effects (20)
   (You took it off Edmund on level 5 of the Dungeon)
Scrolls
 g - 2 scrolls of random uselessness
 h - a scroll of identify
 j - 3 scrolls of remove curse
Potions
 i - 2 potions of cancellation
 n - 2 potions of magic
 q - a potion of berserk rage {unknown}
 t - a potion of lignification {unknown}
 u - a potion of invisibility {unknown}
Comestibles
 f - 8 rations


   Skills:
 - Level 2.4 Fighting
 + Level 12.6 Axes
 - Level 1.7 Throwing
 - Level 2.4 Dodging


You had 7 spell levels left.
You didn't know any spells.
Your spell library was empty.

Dungeon Overview and Level Annotations

Branches:
Dungeon (6/15)             Temple (1/1) D:5

Altars:
Ashenzari
Cheibriados
Dithmenos
Elyvilon
Fedhas
Gozag
Hepliaklqana
Kikubaaqudgha
Makhleb
Nemelex Xobeh
Qazlal
Ru
Sif Muna
Trog
Uskayaw
Vehumet
Wu Jian
Xom
Yredelemnul
Zin
The Shining One

Shops:
D:4 ?   D:5 *


Message History

The phantom is severely damaged.
You hit the bullfrog.
The bullfrog hits you but does no damage.
The phantom hits you but does no damage.
You hit the phantom.
The phantom is severely damaged.
You slash the bullfrog! The bullfrog closely misses you. The phantom hits you.
The bullfrog hits you.
You slash the bullfrog!
You kill the bullfrog!
Makhleb accepts your kill.
You closely miss the phantom.
The phantom blinks!
There is a stone staircase leading up, spattered with blood here.
A killer bee comes into view.
You slice the phantom!!
You destroy the phantom!
Makhleb accepts your kill.
You see here 15 arrows. 2 killer bees come into view.
The killer bee buzzes angrily. x2; You hear an angry buzzing noise.
The killer bee stings you but does no damage.
A killer bee comes into view.
The killer bee stings you.
You hear an angry buzzing noise.
You barely miss the killer bee.
The killer bee stings you but does no damage.
A killer bee comes into view.
The killer bee stings you but does no damage.
The killer bee buzzes angrily.
You slash the killer bee!
The killer bee is heavily wounded.
The killer bee stings you but does no damage.
You hit the killer bee.
The killer bee is heavily wounded.
The killer bee stings you.
A killer bee comes into view.
The killer bee stings you.
You are poisoned.
The killer bee poisons you! The killer bee stings you.
You are more poisoned.
The killer bee poisons you!
The killer bee stings you but does no damage.
You feel sick.
The killer bee stings you but does no damage.
The killer bee barely misses you.
You feel sick. The killer bee barely misses you.
You feel sick. The killer bee closely misses you.
There is a stone staircase leading up, spattered with blood here.
You feel sick.
The killer bee stings you but does no damage.
The killer bee stings you. The killer bee barely misses you.
The killer bee stings you but does no damage.
The killer bee barely misses you. The killer bee stings you.
You are more poisoned.
The killer bee poisons you! The killer bee barely misses you.
You climb upwards.
You feel sick.
There is a stone staircase leading down here.
You feel sick. The killer bee closely misses you. The killer bee stings you.
The killer bee barely misses you.
You feel sick.
The killer bee stings you but does no damage.
The killer bee stings you.
The killer bee stings you but does no damage.
You feel sick. The killer bee closely misses you.
The killer bee stings you but does no damage.
The killer bee stings you.
You are more poisoned.
The killer bee poisons you!
You feel sick. The killer bee stings you!
* * * LOW HITPOINT WARNING * * *
The killer bee stings you but does no damage.
The killer bee stings you.
* * * LOW HITPOINT WARNING * * *
You feel sick. The killer bee closely misses you.
There is an open door here.
As you read the scroll of teleportation, it crumbles to dust.
You feel strangely unstable.
You feel sick. The killer bee stings you.
The killer bee stings you but does no damage.
The killer bee completely misses you. The killer bee stings you.
* * * LOW HITPOINT WARNING * * *
You are lethally poisoned!
The killer bee poisons you!
It was a potion of flight.
You feel very buoyant.
You fly up into the air.
* * * LOW HITPOINT WARNING * * *
You feel sick. The killer bee closely misses you.
The killer bee barely misses you. The killer bee closely misses you.
The killer bee barely misses you. The killer bee stings you.
* * * LOW HITPOINT WARNING * * *
You are more poisoned.
The killer bee poisons you! The killer bee closely misses you.
Unknown command.
Unknown command.
Okay, then.
Unknown command.
It was a potion of brilliance.
You feel clever all of a sudden.
Your surroundings suddenly seem different.
You die...

#...#.......# #####.....#
#####.......#### #.....#
....#..........# #.....#
...y#..........#### #.....#
...y'.............# #.....#
...y#.............#######.....#
....#.(.................#.....#
....#...........<.#####.......#
....#....###....@.....#######.#
>...#....#
#....[[)......####.###
....#....#
#..........##.#.......
....######
#..........#........## #####
#..........#..#.....#.
#########..........#..#.....#.
#.....................#.....#.
#..................##.#.....#.
#.............###.#...##....#.


There were no monsters in sight!

Vanquished Creatures
  Edmund (D:5)
  A black bear (D:5)
  A phantom (D:6)
  An ogre (D:5)
  3 bullfrogs
  A scorpion (D:4)
  A howler monkey (D:4)
  An orc priest (D:3)
  2 hounds
  An iguana (D:5)
  A worker ant (D:4)
  4 orc wizards
  A hound skeleton (D:5)
  Robin (D:2)
  4 adders
  A shadow imp (D:6)
  2 worms (D:3)
  3 leopard geckos
  11 orcs
  8 giant cockroaches
  17 goblins
  9 hobgoblins
  13 jackals
  8 kobolds
  2 quokkas (D:2)
  7 bats
  4 frilled lizards
  5 rats
114 creatures vanquished.

Notes
Turn   | Place    | Note
-------+----------+-------------------------------------------
     0 | D:1      | Mgcat the Hill Orc Gladiator began the quest for the Orb.
     0 | D:1      | Reached XP level 1. HP: 18/18 MP: 1/1
   148 | D:1      | Reached XP level 2. HP: 25/25 MP: 2/2
   300 | D:1      | Reached skill level 5 in Axes
   573 | D:1      | Reached XP level 3. HP: 30/30 MP: 3/3
   832 | D:2      | Reached skill level 6 in Axes
   856 | D:2      | Noticed Robin
   867 | D:2      | Reached XP level 4. HP: 27/37 MP: 4/4
   879 | D:2      | Killed Robin
  1292 | D:3      | Reached skill level 7 in Axes
  1292 | D:3      | Reached XP level 5. HP: 40/42 MP: 5/5
  1913 | D:4      | Reached skill level 8 in Axes
  1930 | D:4      | Reached skill level 9 in Axes
  1930 | D:4      | Reached XP level 6. HP: 48/50 MP: 6/6
  1979 | D:4      | Found Oskewnu's Magic Scroll Shoppe.
  1999 | D:4      | Bought a scroll of enchant weapon for 75 gold pieces
  1999 | D:4      | Bought a scroll of enchant weapon for 75 gold pieces
  2053 | D:4      | Found a glowing golden altar of the Shining One.
  2151 | D:4      | Reached skill level 10 in Axes
  2151 | D:4      | Reached XP level 7. HP: 25/56 MP: 4/7
  2592 | D:5      | Entered Level 5 of the Dungeon
  3056 | D:5      | Found a sparkling altar of Nemelex Xobeh.
  3228 | D:5      | Found a staircase to the Ecumenical Temple.
  3231 | D:5      | Reached skill level 11 in Axes
  3259 | D:5      | Found Ikhac's Assorted Antiques.
  3284 | D:5      | Noticed Edmund
  3297 | D:5      | Killed Edmund
  3359 | D:5      | Reached XP level 8. HP: 56/62 MP: 8/8
  3505 | Temple   | Entered the Ecumenical Temple
  3577 | Temple   | Became a worshipper of Makhleb the Destroyer
  3798 | D:6      | Reached skill level 12 in Axes
  3818 | D:5      | HP: 12/62 [killer bee (7)]
  3821 | D:5      | HP: 5/62 [poisoned by a killer bee]
  3821 | D:5      | HP: 2/62 [killer bee (3)]
  3822 | D:5      | Succumbed to a killer bee's poison

Vault maps used:
D:1:      dpeg_arrival_rooms_b
D:2:      uniq_robin
D:3:      first_ration
D:4:      overflow_temple_1_default, serial_shops, shop
D:5:      black_bear_nest_1, minmay_temple_entry_nine_rooms, serial_shops,
          nicolae_shop_behind_doors, nemelex_spade_bored_becter, uniq_edmund
D:6:      nemelex_dance_club_becter
Temple:   regret_index_temple_chain_breaker

Skill      XL: |  1  2  3  4  5  6  7  8 |
---------------+-------------------------+-----
Axes           | 5 6 7 9 10 11 12 | 12.6
Fighting       | |  2.4
Throwing       | |  1.7
Dodging        | |  2.4

Action                   |  1- 3 |  4- 6 |  7- 9 || total
-------------------------+-------+-------+-------++-------
Melee: War axe           |   101 |   159 |    63 ||   323
  Use: Scroll            |       |     9 |     3 ||    12
       Potion            |       |       |     3 ||     3
  Eat: Chunk             |       |     4 |     5 ||     9
Armor: Leather armour    |    10 |       |       ||    10
       Ring mail         |    49 |    65 |    37 ||   151
Dodge: Dodged            |    90 |    76 |    50 ||   216

Table legend:
 A = Spawn XP
 B = Non-spawn XP
 C = Spawn XP percentage of total XP
 D = Spawn monster count
 E = Non-spawn monster count
 F = Spawn count percentage of total count
 G = Total turns spent on level
                    A         B        C        D         E        F      G
               +---------+---------+-------+---------+---------+-------+---------
         Total |       0 |    1547 |   0.0 |       0 |     114 |   0.0 |  3822
               +---------+---------+-------+---------+---------+-------+---------
           D:1 |       0 |      36 |   0.0 |       0 |      23 |   0.0 |   708
           D:2 |       0 |      88 |   0.0 |       0 |      34 |   0.0 |   555
           D:3 |       0 |      90 |   0.0 |       0 |      22 |   0.0 |   633
           D:4 |       0 |     408 |   0.0 |       0 |      18 |   0.0 |   696
           D:5 |       0 |     622 |   0.0 |       0 |      13 |   0.0 |  1023
           D:6 |       0 |     303 |   0.0 |       0 |       4 |   0.0 |    35
               +---------+---------+-------+---------+---------+-------+---------

Vault maps used:
D:1:      dpeg_arrival_rooms_b
D:2:      uniq_robin
D:3:      first_ration
D:4:      overflow_temple_1_default, serial_shops, shop
D:5:      black_bear_nest_1, minmay_temple_entry_nine_rooms, serial_shops,
          nicolae_shop_behind_doors, nemelex_spade_bored_becter, uniq_edmund
D:6:      nemelex_dance_club_becter
Temple:   regret_index_temple_chain_breaker

Table legend:
 A = Turns spent in this place as a percentage of turns spent in the entire game.
 B = Non-inter-level travel turns spent in this place as a percentage of non-inter-level travel turns spent in the entire game.
 C = Inter-level travel turns spent in this place as a percentage of turns spent in this place.
 D = Turns resting spent in this place as a percentage of non-inter-level travel turns spent in this place.
 E = Turns spent auto-exploring this place as a percentage of non-inter-level travel turns spent in this place.
 F = Non-inter-level travel turns spent in this place divided by the number of levels of this place that you've seen.
                   A       B       C       D       E      F
               +-------+-------+-------+-------+-------+----------------------
         Total | 100.0 | 100.0 |   6.8 |   0.0 |  81.3 | 509.1
       Dungeon |  95.5 |  95.9 |   6.4 |   0.0 |  80.6 | 569.7
        Temple |   4.5 |   4.1 |  15.1 |   0.0 |  97.9 | 146.0
               +-------+-------+-------+-------+-------+----------------------

Table legend:
 A = Kills in this place as a percentage of kills in entire the game.
 B = Kills by you in this place as a percentage of kills by you in the entire game.
 C = Kills by friends in this place as a percentage of kills by friends in the entire game.
 D = Other kills in this place as a percentage of other kills in the entire game.
 E = Experience gained in this place as a percentage of experience gained in the entire game.
 F = Experience gained in this place divided by the number of levels of this place that you have seen.
                   A       B       C       D       E      F
               +-------+-------+-------+-------+-------+----------------------
         Total | 100.0 | 100.0 |   N/A |   N/A | 100.0 | 221.0
       Dungeon | 100.0 | 100.0 |   N/A |   N/A | 100.0 | 257.8
               +-------+-------+-------+-------+-------+----------------------
